 Dungeon Crawl Stone Soup version 0.31-a0-117-g42d8f58691 (webtiles) character file.

Game seed: 8435702592857529700

17551 hikkokomori the Fighter (level 11, -1/94 HPs)
             Began as a Demigod Ice Elementalist on May 30, 2023.
             Slain by a polar bear (4 damage)
             ... on level 1 of the Lair of Beasts on May 31, 2023.
             The game lasted 00:51:45 (12010 turns).

hikkokomori the Fighter (Demigod Ice Elementalist) Turns: 12010, Time: 00:51:46

Health: -1/94      AC:  9    Str: 13    XL:     11   Next: 92%
Magic:  13/26      EV: 14    Int: 29    God:
Gold:   412        SH:  0    Dex: 18    Spells: 2/25 levels left

rFire   . . .        n - +9 spear of the Jester {pain, Fragile Int+4 Dex+4 Stlth+}
rCold   + . .        (no shield)
rNeg    . . .        M - +2 robe {Archmagi}
rPois   .            P - +1 hat {Will+}
rElec   .            (no cloak)
rCorr   .            N - +0 pair of gloves
SInv    .            j - +2 pair of boots
Will    ++...        m - amulet of magic regeneration
Stlth   ++++         p - ring of flight
HPRegen 0.35/turn    z - ring of protection from cold
MPRegen 0.60/turn

%: archmagi
@: marked, flying, very slightly contaminated
A: high MP 1, forlorn, divine attributes
a: no special abilities


You were on level 1 of the Lair of Beasts.
You visited 2 branches of the dungeon, and saw 11 of its levels.
You also visited: Sewer, Ossuary and Bailey.

You collected 852 gold pieces.
You spent 440 gold pieces at shops.

Inventory:

Hand Weapons
 n - the +9 spear of the Jester (weapon) {pain, Fragile Int+4 Dex+4 Stlth+}
   (You found it on level 2 of the Dungeon)

   Int:       It affects your intelligence (+4).
   Dex:       It affects your dexterity (+4).
   Fragile:   It will be destroyed if unequipped.
   Stlth:     It makes you more stealthy.
 H - the +9 orcbow "Jonnar" {freeze, rN+ Will+}
   (You took it off an orc on level 8 of the Dungeon)

   rN:        It protects you from negative energy.
   Will:      It increases your willpower.
Missiles
 a - 4 throwing nets
Armour
 f - a scarf of harm
 j - a +2 pair of boots (worn)
 u - the +0 toga "Victory" {*Victory Clar}
   (You found it in a sewer)

   *Victory:  When the wearer kills a threatening monster, it has a chance to
   gain +1 AC, +1 Slay, and +1 Int, capping at +7.
   When the wearer uses a scroll or a potion with a hostile monster in sight,
   its bonuses reset to +0.
   Unequipping it also resets its bonuses to +0.
   Clar:      It protects you from confusion, rage, mesmerisation and fear.
 D - the +1 scale mail of Hangman {+Inv}
   (You found it on level 7 of the Dungeon)

   +Inv:      It lets you turn invisible.
 I - +1 steam dragon scales
 M - a +2 robe of the Archmagi (worn)
 N - a +0 pair of gloves (worn)
 P - a +1 hat of willpower (worn)
Magical Staves
 K - the staff of death "Surol" {rElec rN+ Stlth+}
   (You found it on level 9 of the Dungeon)

   [staff of death]

   Base accuracy: +5 Base damage: 5 Base attack delay: 1.2 This weapon's minimum
   attack delay (0.6) is reached at skill level 12.
   rElec:     It insulates you from electricity.
   rN:        It protects you from negative energy.
   Stlth:     It makes you more stealthy.
   It falls into the 'Staves' category.
   It is a one-handed weapon.
Jewellery
 m - an amulet of magic regeneration (around neck)
 p - a ring of flight (left hand)
 z - a ring of protection from cold (right hand)
Wands
 b - a wand of flame (9)
 A - a wand of polymorph (22)
 G - a wand of acid (7)
 J - a wand of charming (5)
Scrolls
 c - 2 scrolls of fog
 e - 5 scrolls of teleportation
 g - 2 scrolls of magic mapping
 h - 3 scrolls of poison
 k - 3 scrolls of fear {unknown}
 q - 3 scrolls of noise
 r - 4 scrolls of vulnerability
 s - a scroll of enchant armour
 y - a scroll of blinking {unknown}
 F - a scroll of summoning
 L - 3 scrolls of enchant weapon
 O - a scroll of identify
Potions
 d - 5 potions of curing
 i - a potion of attraction {unknown}
 l - 3 potions of might
 o - 2 potions of lignification
 t - 4 potions of haste
 v - 6 potions of mutation
 w - 3 potions of brilliance
 x - 6 potions of enlightenment
 B - 2 potions of berserk rage
 C - 4 potions of invisibility
 E - a potion of resistance {unknown}


   Skills:
 + Level 8.0 Fighting
 - Level 2.0 Polearms
 + Level 4.2 Dodging
 + Level 5.7 Stealth
 + Level 7.6 Spellcasting
 + Level 6.7 Conjurations
 + Level 4.5 Necromancy
 - Level 7.4 Ice Magic
 + Level 5.9 Air Magic
 - Level 4.6 Earth Magic


You had 2 spell levels left.
You knew the following spells:

 Your Spells              Type           Power      Damage    Failure   Level
a - Freeze                Ice            100%       1d10      1%          1
b - Frozen Ramparts       Ice            100%       1d16      1%          3
c - Sandblast             Erth           100%       2d20      1%          1
d - Ozocubu's Armour      Ice            69%        N/A       1%          3
e - Freezing Cloud        Conj/Ice/Air   33%        6-21      9%          5
f - Borgnjor's Vile Clut  Necr/Erth      27%        N/A       21%         5
g - Arcjolt               Conj/Air       32%        1d42      10%         5

Your spell library contained the following spells:

 Spells                   Type           Power      Damage    Failure   Level
 Foxfire                  Conj/Fire      100%       2x1d9     1%          1
 Necrotise                Necr           100%       1d9       1%          1
 Cigotuvi's Dreadful Rot  Necr/Pois/Air  94%        N/A       1%          2
 Passwall                 Tmut/Erth      30%        N/A       2%          2
 Poisonous Vapours        Pois/Air       84%        N/A       2%          2
 Stone Arrow              Conj/Erth      100%       3d13      1%          3
 Mephitic Cloud           Conj/Pois/Air  52%        N/A       2%          3
 Vampiric Draining        Necr           54%        2d9       2%          3
 Vhi's Electric Charge    Tloc/Air       84%        N/A       4%          3
 Dispel Undead            Necr           54%        3d20      8%          4
 Summon Ice Beast         Ice/Summ       49%        N/A       11%         4
 Agony                    Necr           54%        N/A       21%         5
 Fireball                 Conj/Fire      22%        3d10      32%         5
 Death Channel            Necr           27%        N/A       75%         6
 Starburst                Conj/Fire      22%        6d8       88%         6
 Ozocubu's Refrigeration  Ice            34%        4d15      88%         7
 Plasma Beam              Fire/Air       21%        2x1d36    91%         6
 Eringya's Noxious Bog    Tmut/Pois      8%         N/A       100%        6
 Maxwell's Capacitive Co  Air            31%        ∞         100%        8


Dungeon Overview and Level Annotations

Branches:
Dungeon (10/15)            Temple (0/1) D:6            Lair (1/5) D:10
  Sewer (visited)         Ossuary (visited)          Bailey (visited)
    Orc: D:9-12

Shops:
D:3 *   D:5 [   D:6 **   D:8 (

Annotations:
D:10 2 transporters


Innate Abilities, Weirdness & Mutations

You have an increased reservoir of magic. (+10% MP)
You shall have no god before yourself.
Your divine heritage dramatically boosts your attributes as you level up.


Message History

The polar bear goes berserk!
The cane toad is engulfed in freezing vapours.
Unknown command.
Unknown command.
The polar bear is engulfed in freezing vapours.
The polar bear misses you.
The polar bear claws you but does no damage. x2
The polar bear is engulfed in freezing vapours.
The cane toad is engulfed in freezing vapours.
The cane toad stings you!!
The polar bear is engulfed in freezing vapours.
The polar bear bites you!
* * * LOW HITPOINT WARNING * * *
The polar bear claws you but does no damage. x2
Unknown command.
Unknown command.
You hit the cane toad.
The cane toad writhes in agony.
The cane toad is almost dead.
The polar bear is engulfed in freezing vapours.
The polar bear bites you!
* * * LOW HITPOINT WARNING * * *
The polar bear barely misses you.
The polar bear claws you but does no damage.
The polar bear is engulfed in freezing vapours.
The cane toad is engulfed in freezing vapours.
The cane toad seems to slow down.
You kill the cane toad!
Unknown command.
You hit the polar bear.
You kill the polar bear!
The polar bear is engulfed in freezing vapours.
Unknown command.
You hit the polar bear.
The polar bear is moderately wounded.
The polar bear is engulfed in freezing vapours.
The polar bear bites you!
* * * LOW HITPOINT WARNING * * *
The polar bear claws you but does no damage.
The polar bear claws you.
You die...

#......##.#.#
#..........## ### #.
#..#...##.####
#.#####..
###..#######~###.......
##††.#~##~#~~~P....#
#....~~~~~~~...#.#
##.....~~~~...☼§##
#....#~~~..#..○§§###
##..##.......@h§§..#
##.####...##.##.....).
#...# #.###.....#.###.
##..###...#.....# ..
##.......#..##.. ..#
#....#..####... #.
##...###.......##
##.....#.....#...
####.......####.#


You could see a polar bear.

Vanquished Creatures
  Gastronok (D:10)
  2 vault guards (Bailey)
  A two-headed ogre (D:8)
  3 death yaks (D:10)
  5 elephants (Lair:1)
  A cane toad (Lair:1)
  A troll (D:10)
  A hornet (D:10)
  6 polar bears (Lair:1)
  Prince Ribbit (Bailey)
  2 shadows (D:10)
  9 humans
  A wyvern (D:8)
  A vampire (D:9)
  Eustachio (D:6)
  A basilisk (Lair:1)
  2 steam dragons
  5 water moccasins
  2 acid dragons
  2 ice beasts
  A sky beast (D:6)
  2 orc warriors
  2 ogres
  7 black bears
  2 centaurs (D:8)
  6 wolves (Lair:1)
  2 kobold brigands
  Blork the orc (D:6)
  11 bullfrogs
  A gnoll sergeant (D:9)
  A scorpion (D:4)
  18 wights
  10 killer bees
  3 howler monkeys
  4 hounds
  2 human zombies (Ossuary)
  5 orc priests
  2 gnoll boudas
  2 jellies (D:6)
  A sleepcap (D:7)
  Ijyb (D:4)
  Natasha (D:3)
  2 iguanas
  9 orc wizards
  2 hell rats (D:10)
  3 mummies (Ossuary)
  8 adders
  20 gnolls
  3 river rats
  A white imp (D:5)
  2 ufetubi
  3 worms
  7 dart slugs
  34 orcs
  15 ball pythons
  5 bats
  9 endoplasms
  8 giant cockroaches
  15 hobgoblins
  8 jackals
  17 quokkas
  6 frilled lizards
  3 gnoll zombies (Ossuary)
  18 goblins
  A goblin zombie (Ossuary)
  19 kobolds
  2 kobold zombies (Ossuary)
  10 rats
363 creatures vanquished.

Vanquished Creatures (collateral kills)
  2 shadows (D:10)
  A rat (D:10)
3 creatures vanquished.

Vanquished Creatures (others)
  A jackal (D:4)
1 creature vanquished.

Grand Total: 367 creatures vanquished

Notes
Turn   | Place    | Note
-------+----------+-------------------------------------------
     0 | D:1      | hikkokomori the Demigod Ice Elementalist began the quest
                  | for the Orb.
     0 | D:1      | Reached XP level 1. HP: 14/14 MP: 5/5
   238 | D:1      | Reached XP level 2. HP: 22/22 MP: 2/7
   708 | D:2      | Reached skill level 1 in Fighting
   874 | D:2      | Reached XP level 3. HP: 28/28 MP: 6/8
  1495 | D:2      | Identified the +9 spear of the Jester {pain, Fragile Int+4
                  | Dex+4 Stlth+}
  1502 | D:2      | Learned a level 3 spell: Frozen Ramparts
  1771 | D:3      | Learned a level 1 spell: Sandblast
  1809 | D:3      | Reached XP level 4. HP: 23/35 MP: 5/10
  1814 | D:3      | Reached skill level 1 in Polearms
  2211 | D:3      | Noticed Natasha
  2217 | D:3      | Killed Natasha
  2218 | D:3      | Reached XP level 5. HP: 31/41 MP: 11/11
  2285 | D:3      | Found Pihomikk's Assorted Antiques.
  2426 | D:3      | Reached skill level 2 in Fighting
  2435 | D:3      | Learned a level 3 spell: Ozocubu's Armour
  2790 | D:4      | Found a glowing drain.
  2801 | Sewer    | Entered a sewer
  2805 | Sewer    | Reached XP level 6. HP: 48/48 MP: 13/13
  3020 | Sewer    | Found the +0 toga "Victory" {*Victory Clar}
  3191 | D:4      | Reached skill level 3 in Fighting
  3389 | D:4      | Reached skill level 5 in Ice Magic
  3389 | D:4      | Reached XP level 7. HP: 40/57 MP: 15/15
  3779 | D:4      | Noticed Ijyb
  3794 | D:4      | Killed Ijyb
  3911 | D:5      | Entered Level 5 of the Dungeon
  4249 | D:5      | Found Cufied's Armour Boutique.
  4641 | D:6      | Found Jastreiri's General Store.
  4642 | D:6      | Noticed Eustachio
  4648 | D:6      | Killed Eustachio
  4706 | D:6      | Reached skill level 4 in Fighting
  4706 | D:6      | Reached skill level 5 in Stealth
  4706 | D:6      | Reached XP level 8. HP: 63/66 MP: 17/17
  4729 | D:6      | Learned a level 5 spell: Freezing Cloud
  4729 | D:6      | Noticed Blork the orc
  4738 | D:6      | Killed Blork the orc
  4842 | D:6      | Reached skill level 1 in Conjurations
  4842 | D:6      | Reached skill level 1 in Air Magic
  5138 | D:6      | Found Gozag's Platinum Reserve.
  5339 | D:6      | Found a staircase to the Ecumenical Temple.
  5472 | D:6      | Identified the staff of earth "Miufev" {rF+ rCorr Str+3
                  | Int+3}
  5640 | D:7      | Found a sand-covered staircase.
  5646 | Ossuary  | Entered an ossuary
  5800 | Ossuary  | Reached skill level 5 in Spellcasting
  5856 | D:7      | Identified the +1 scale mail of Hangman {+Inv}
  5885 | D:7      | Found a flagged portal.
  5892 | D:7      | Reached skill level 5 in Fighting
  5907 | Bailey   | Entered a bailey
  5941 | Bailey   | Reached skill level 1 in Earth Magic
  5941 | Bailey   | Reached XP level 9. HP: 74/74 MP: 20/20
  6215 | Bailey   | Noticed a vault guard
  6222 | Bailey   | Killed a vault guard
  6354 | Bailey   | Noticed Prince Ribbit
  6354 | Bailey   | Noticed a vault guard
  6371 | Bailey   | Killed a vault guard
  6374 | Bailey   | Killed Prince Ribbit
  6375 | Bailey   | Reached skill level 6 in Fighting
  6375 | Bailey   | Reached XP level 10. HP: 74/83 MP: 17/22
  7420 | D:6      | Bought the Quarto of Bodies and the Tincture for 440 gold
                  | pieces
  7426 | D:6      | Learned a level 5 spell: Borgnjor's Vile Clutch
  7586 | D:8      | Noticed a two-headed ogre
  7601 | D:8      | Killed a two-headed ogre
  7602 | D:8      | Reached skill level 1 in Necromancy
  7805 | D:7      | Reached skill level 5 in Conjurations
  8023 | D:8      | Found Noicw's Antique Weapon Emporium.
  8195 | D:8      | Identified the +9 orcbow "Jonnar" {freeze, rN+ Will+}
  9171 | D:9      | Identified the staff of death "Surol" {rElec rN+ Stlth+}
  9347 | D:10     | Entered Level 10 of the Dungeon
  9377 | D:10     | Reached skill level 7 in Fighting
  9661 | D:10     | Found a transporter.
  9674 | D:10     | Reached XP level 11. HP: 36/92 MP: 22/25
  9712 | D:10     | Found a transporter.
  9733 | D:10     | Noticed a death yak
  9734 | D:10     | Noticed a death yak
  9738 | D:10     | Noticed a death yak
  9932 | D:10     | Found a staircase to the Lair.
 10264 | D:10     | Killed a death yak
 10267 | D:10     | Killed a death yak
 10267 | D:10     | Killed a death yak
 10268 | D:10     | Reached skill level 5 in Air Magic
 10342 | D:10     | a wolf spider changed into a broodmother
 10342 | D:10     | Noticed a broodmother (shapeshifter)
 10385 | D:10     | Noticed Gastronok
 10391 | D:10     | Killed Gastronok
 10514 | D:10     | Noticed an ettin
 10533 | D:10     | an ettin changed into an eight-headed hydra
 10533 | D:10     | Noticed an eight-headed hydra (shapeshifter)
 10731 | D:10     | Noticed a storm dragon
 10731 | D:10     | a storm dragon changed into an azure jelly
 10731 | D:10     | Noticed an azure jelly (shapeshifter)
 10907 | D:10     | Learned a level 5 spell: Arcjolt
 10931 | Lair:1   | Entered Level 1 of the Lair of Beasts
 12001 | Lair:1   | Reached skill level 8 in Fighting
 12010 | Lair:1   | HP: 3/94 [polar bear (14)]
 12010 | Lair:1   | Slain by a polar bear

Illustrated notes

Levels and vault maps discovered:
D:1:      shiori_arrival_maze, layout_rooms
D:2:      layout_basic, shapermc_ecumenical_altar_starsandcircs, minmay_unequal
D:3:      layout_loops_corners, serial_shops, shop, nicolae_grassy_gnolls,
          uniq_natasha
D:4:      kennysheep_goblin_castle, layout_cave_pools, gup_sewer_entry_bubbles
D:5:      layout_basic, serial_shops, nicolae_shop_crystal
D:6:      layout_loops_cross, lightli_temple_of_fire,
          nicolae_gozag_zags_fifth_avenue, temple_hall, serial_shops, shop,
          uniq_blork_the_orc, uniq_eustachio
D:7:      layout_gridville, elyvilon_altar_3, enter_bailey_4,
          nicolae_ossuary_entry_plus
D:8:      layout_loops_ring, nicolae_stop_n_shop_2, minivault_22,
          uniq_prince_ribbit1
D:9:      layout_big_octagon, mainiacjoe_overflow_alcove_2,
          nicolae_qazlal_general_emergency, amethyst_overflow_temple_binary
D:10:     layout_basic, gammafunk_temple_overflow_arena, okawaru_humans,
          dpeg_lair_monsters, uniq_gastronok
Lair:1:   beast_lair_carwin_large_4, layout_misc_corridors, serial_bayou_shore_a

Skill      XL: |  1  2  3  4  5  6  7  8  9 10 11 |
---------------+----------------------------------+-----
Stealth        | 2 3 4 5 |  5.7
Spellcasting   | 2 3 4 5 6 7 |  7.6
Fighting       | 1 2 3 4 5 6 7 8 |  8.0
Ice Magic      | 4 5 6 7 |  7.4
Polearms       | 1 2 |  2.0
Conjurations   | 2 4 5 6 |  6.7
Air Magic      | 2 4 5 |  5.9
Earth Magic    | 1 3 4 |  4.6
Necromancy     | 2 4 |  4.5
Dodging        | 2 4 |  4.2

Action                     |  1- 3 |  4- 6 |  7- 9 | 10-12 || total
---------------------------+-------+-------+-------+-------++-------
  Melee: Unarmed           |    45 |       |       |       ||    45
         Punch             |     2 |       |     1 |     2 ||     5
         Spear             |    18 |   148 |   214 |   221 ||   601
  Throw: Throwing net      |       |       |     3 |       ||     3
   Cast: Freeze            |    72 |    14 |     2 |     6 ||    94
         Frozen Ramparts   |     1 |     3 |    15 |     9 ||    28
         Sandblast         |       |     3 |     1 |    42 ||    46
         Ozocubu's Armour  |       |     1 |     3 |     5 ||     9
         Freezing Cloud    |       |       |     3 |    22 ||    25
         Borgnjor's Vile C |       |       |       |    16 ||    16
         Arcjolt           |       |       |       |     7 ||     7
  Evoke: Wand              |       |       |       |     1 ||     1
    Use: Scroll            |       |       |     7 |    12 ||    19
         Potion            |       |       |       |     2 ||     2
   Stab: Sleeping          |     5 |    15 |    23 |     5 ||    48
         Distracted        |       |     1 |       |     2 ||     3
 Armour: Robe              |    30 |    34 |    49 |   112 ||   225
  Dodge: Dodged            |    69 |    56 |    78 |   197 ||   400

Table legend: (Time is in decaauts)
 A = Elapsed time spent in this place.
 B = Non-inter-level travel time spent in this place.
 C = Inter-level travel time spent in this place.
 D = Time resting spent in this place.
 E = Time spent auto-exploring this place.
 F = Levels seen in this place.
 G = Mean time per level.
                   A        B        C        D        E       F      G
               +--------+--------+--------+--------+--------+-----+--------+
         Total |  12035 |  11711 |    324 |   2118 |   6653 |  14 |  859.6 |
       Dungeon |   9619 |   9296 |    323 |   1444 |   5697 |  10 |  961.9 |
          Lair |   1079 |   1079 |      0 |    298 |    610 |   1 | 1079.0 |
         Sewer |    338 |    338 |      0 |     31 |    114 |   1 |  338.0 |
       Ossuary |    186 |    186 |      0 |      0 |     12 |   1 |  186.0 |
        Bailey |    811 |    811 |      0 |    345 |    220 |   1 |  811.0 |
               +--------+--------+--------+--------+--------+-----+--------+

Top non-repeatable levels by time:
    D:10: 1467 daAuts
     D:7: 1365 daAuts
     D:3: 1088 daAuts
  Lair:1: 1079 daAuts
     D:6: 979 daAuts
     D:4: 949 daAuts
     D:2: 833 daAuts
  Bailey: 811 daAuts
     D:8: 795 daAuts
     D:5: 729 daAuts
     D:9: 708 daAuts
     D:1: 702 daAuts
   Sewer: 338 daAuts
 Ossuary: 186 daAuts
